 Dungeon Sprint DCSS version 0.23-a0-481-g60b89c1 (webtiles) character file.

580 Leeroy the Magician (level 7, -6/60 HPs)
             Began as a Gnoll Skald on Nov 29, 2018.
             Was an Initiate of Makhleb.
             Mangled by a hellwing (12 damage)
             ... summoned by a kobold demonologist
             ... in the Dungeon (Sprint I: "Red Sonja").
             The game lasted 00:13:39 (1479 turns).

Leeroy the Magician (Gnoll Skald)                   Turns: 1479, Time: 00:13:39

Health: -6/60      AC:  6    Str: 16    XL:     7   Next: 36%
Magic:  3/17       EV: 15    Int: 15    God:    Makhleb [......]
Gold:   270        SH:  0    Dex: 14    Spells: 11/20 levels left

rFire    . . .     SeeInvis .   a - +0 falchion
rCold    . . .     Gourm    .   (no shield)
rNeg     . . .     Faith    .   l - +0 ring mail
rPois    .         Spirit   .   (no helmet)
rElec    .         Reflect  .   (no cloak)
rCorr    .         Harm     .   (no gloves)
MR       .....     NoTele   +   (no boots)
Stlth    ++........             (no amulet)
HPRegen  1.20/turn              (no ring)
MPRegen  0.15/turn              (no ring)

@: infused (expiring), very slightly contaminated, regenerating (expiring)
A: distributed training, fangs 1, strong nose
a: Renounce Religion


You were in the Dungeon.
You worshipped Makhleb.
Makhleb was noncommittal.
You were not hungry.

You visited 1 branch You collected 270 gold pieces.

Inventory:

Hand Weapons
 a - a +0 falchion (weapon)
 c - a +0 giant club
 d - a +0 long sword
 e - a +0 scythe
Missiles
 g - 3 javelins of penetration (quivered)
Armour
 b - a +0 leather armour
 f - a +0 robe
 l - a +0 ring mail (worn)
Potions
 h - 2 potions of magic


   Skills:
 + Level 7.1 Fighting
 + Level 5.3 Short Blades
 + Level 7.1 Long Blades
 + Level 5.3 Axes
 + Level 5.3 Maces & Flails
 + Level 5.3 Polearms
 + Level 5.3 Staves
 + Level 5.3 Slings
 + Level 5.3 Bows
 + Level 5.3 Crossbows
 + Level 5.3 Throwing
 + Level 6.0 Armour
 + Level 7.1 Dodging
 + Level 5.3 Stealth
 + Level 5.3 Shields
 + Level 5.3 Unarmed Combat
 + Level 7.4 Spellcasting
 + Level 4.4 Conjurations
 + Level 4.4 Hexes
 + Level 7.1 Charms
 + Level 4.4 Summonings
 + Level 4.4 Necromancy
 + Level 4.4 Translocations
 + Level 4.4 Transmutations
 + Level 4.4 Fire Magic
 + Level 4.4 Ice Magic
 + Level 4.4 Air Magic
 + Level 4.4 Earth Magic
 + Level 4.4 Poison Magic
 + Level 5.9 Invocations
 + Level 5.3 Evocations


You had 11 spell levels left.
You knew the following spells:

 Your Spells              Type           Power        Failure   Level  Hunger
a - Infusion              Chrm           ####         1%          1    None
b - Spectral Weapon       Hex/Chrm       ###.....     6%          3    ##.....
c - Shroud of Golubria    Chrm/Tloc      ###.......   3%          2    None
d - Regeneration          Chrm/Necr      ###.......   6%          3    ##.....

Your spell library contained the following spells:

 Spells                   Type           Power        Failure   Level  Hunger
 Song of Slaying          Chrm           ####....     1%          2    None


Dungeon Overview and Level Annotations

Branches:
Dungeon (1/1)

Altars:
Cheibriados
Dithmenos
Elyvilon
Fedhas
Gozag
Hepliaklqana
Kikubaaqudgha
Makhleb
Okawaru
Qazlal
Ru
Sif Muna
Trog
Uskayaw
Vehumet
Wu Jian
Xom
Yredelemnul
Zin
The Shining One
Jiyva
Lugonu

Shops:
D }


Innate Abilities, Weirdness & Mutations

Your experience applies equally to all skills.
You have very sharp teeth.
Your uncanny sense of smell can sniff out nearby items.


Message History

The kobold demonologist casts a spell.
The hellwing hits you!
* * * LOW HITPOINT WARNING * * *
The hellwing closely misses you.
Found 135 gold pieces.
You aren't carrying any scrolls.
Unknown command.
Unknown command.
Okay, then.
Your skin is crawling a little less now.
Your magical infusion is running out.
The hellwing barely misses you.
You riposte.
You closely miss the hellwing. The hellwing hits you.
* * * LOW HITPOINT WARNING * * *
The shadow imp sputters.
Found an opulent altar of Gozag.
There is an open door, spattered with blood here.
The hellwing swoops through the air toward you!
The hellwing hits you!
You die...

##########################
#<.#..'..#..'.5#__#5.')..#∆
#..+..#..'..#5K5..4.5#.5.#
#..#####'#####5#5_#### ..+
#..# #..#4$$#.####∆∆ ##
#..#__####@$##K# ∆∆
#..#_____##4#_.+
#⌠⌠#_.∩..Y'.55_# ∆∆
####_..__##_.#+# ∆∆


____ ##+#∆ ∆∆∆∆ ∆ ### ∆ ∆ ∆ ∆∆ ∆∆ ∆ ∆ ∆ You could see 2 hellwings, an iron imp
and a shadow imp.

Vanquished Creatures
  A slime creature (D)
  Sigmund (D)
  A floating eye (D)
  An ogre (D)
  A jelly (D)
  Ijyb (D)
6 creatures vanquished.

Vanquished Creatures (others)
  A gargoyle (D)
  A spectral weapon (D)
2 creatures vanquished.

Grand Total: 8 creatures vanquished

Notes
Turn   | Place    | Note
-------+----------+-------------------------------------------
     0 | D        | Leeroy the Gnoll Skald began the quest for the Orb.
     0 | D        | Reached XP level 1. HP: 20/20 MP: 6/6
     2 | D        | Noticed Ijyb
    31 | D        | Killed Ijyb
    31 | D        | Reached skill level 1 in Short Blades
    31 | D        | Reached skill level 1 in Axes
    31 | D        | Reached skill level 1 in Maces & Flails
    31 | D        | Reached skill level 1 in Polearms
    31 | D        | Reached skill level 1 in Staves
    31 | D        | Reached skill level 1 in Slings
    31 | D        | Reached skill level 1 in Bows
    31 | D        | Reached skill level 1 in Crossbows
    31 | D        | Reached skill level 1 in Throwing
    31 | D        | Reached skill level 1 in Stealth
    31 | D        | Reached skill level 1 in Shields
    31 | D        | Reached skill level 1 in Unarmed Combat
    31 | D        | Reached skill level 5 in Spellcasting
    31 | D        | Reached skill level 1 in Conjurations
    31 | D        | Reached skill level 1 in Hexes
    31 | D        | Reached skill level 1 in Summonings
    31 | D        | Reached skill level 1 in Necromancy
    31 | D        | Reached skill level 1 in Translocations
    31 | D        | Reached skill level 1 in Transmutations
    31 | D        | Reached skill level 1 in Fire Magic
    31 | D        | Reached skill level 1 in Ice Magic
    31 | D        | Reached skill level 1 in Air Magic
    31 | D        | Reached skill level 1 in Earth Magic
    31 | D        | Reached skill level 1 in Poison Magic
    31 | D        | Reached skill level 1 in Evocations
    31 | D        | Reached XP level 2. HP: 7/26 MP: 2/8
    31 | D        | Reached XP level 3. HP: 9/32 MP: 2/9
   258 | D        | Noticed an ogre
   268 | D        | Killed an ogre
   268 | D        | Reached skill level 5 in Fighting
   268 | D        | Reached skill level 5 in Long Blades
   268 | D        | Reached skill level 5 in Dodging
   268 | D        | Reached XP level 4. HP: 19/39 MP: 9/11
   289 | D        | Learned a level 3 spell: Spectral Weapon
   292 | D        | Learned a level 2 spell: Shroud of Golubria
   306 | D        | Noticed Sigmund
   451 | D        | HP: 1/39 [something (3)]
   453 | D        | Killed Sigmund
   453 | D        | Reached skill level 5 in Armour
   453 | D        | Reached XP level 5. HP: 2/46 MP: 12/14
   453 | D        | Reached XP level 6. HP: 2/52 MP: 12/15
   707 | D        | Killed a gargoyle
   768 | D        | Learned a level 3 spell: Regeneration
   791 | D        | Found a burning altar of Makhleb.
   791 | D        | Found a viscous altar of Jiyva.
   791 | D        | Found a shimmering altar of Xom.
   791 | D        | Found a corrupted altar of Lugonu.
   791 | D        | Noticed a slime creature
   797 | D        | HP: 1/52 [slime creature (4)]
  1133 | D        | Killed a slime creature
  1133 | D        | Reached skill level 5 in Short Blades
  1133 | D        | Reached skill level 5 in Axes
  1133 | D        | Reached skill level 5 in Maces & Flails
  1133 | D        | Reached skill level 5 in Polearms
  1133 | D        | Reached skill level 5 in Staves
  1133 | D        | Reached skill level 5 in Slings
  1133 | D        | Reached skill level 5 in Bows
  1133 | D        | Reached skill level 5 in Crossbows
  1133 | D        | Reached skill level 5 in Throwing
  1133 | D        | Reached skill level 5 in Stealth
  1133 | D        | Reached skill level 5 in Shields
  1133 | D        | Reached skill level 5 in Unarmed Combat
  1133 | D        | Reached skill level 5 in Invocations
  1133 | D        | Reached skill level 5 in Evocations
  1133 | D        | Reached XP level 7. HP: 14/59 MP: 3/17
  1401 | D        | Became a worshipper of Makhleb the Destroyer
  1431 | D        | Noticed a kobold demonologist
  1431 | D        | Noticed a kobold demonologist
  1433 | D        | Paralysed by a floating eye for 3 turns
  1439 | D        | Paralysed by a floating eye for 2 turns
  1443 | D        | Noticed a chaos spawn
  1453 | D        | Noticed a red devil
  1455 | D        | Noticed a sixfirhy
  1457 | D        | Found an ornate altar of the Wu Jian Council.
  1457 | D        | Found a deep blue altar of Sif Muna.
  1459 | D        | Found a radiant altar of Vehumet.
  1472 | D        | Noticed a hellwing
  1473 | D        | Noticed a hellwing
  1476 | D        | Found Plog's Gadget Emporium.
  1476 | D        | Found an ancient bone altar of Kikubaaqudgha.
  1476 | D        | Found a hazy altar of Hepliaklqana.
  1476 | D        | Found a stormy altar of Qazlal.
  1476 | D        | Found a hide-covered altar of Uskayaw.
  1476 | D        | Found a blossoming altar of Fedhas.
  1476 | D        | Found a bloodstained altar of Trog.
  1476 | D        | Found an iron altar of Okawaru.
  1476 | D        | Found a basalt altar of Yredelemnul.
  1476 | D        | Found a glowing golden altar of the Shining One.
  1476 | D        | Found a snail-covered altar of Cheibriados.
  1476 | D        | Found a sacrificial altar of Ru.
  1476 | D        | Found a glowing silver altar of Zin.
  1476 | D        | Found a shadowy altar of Dithmenos.
  1476 | D        | Found a white marble altar of Elyvilon.
  1476 | D        | Noticed a yak
  1478 | D        | Found an opulent altar of Gozag.
  1479 | D        | Mangled by a hellwing

Vault maps used:
D:        dungeon_sprint_1

Skill      XL: |  1  2  3  4  5  6  7 |
---------------+----------------------+-----
Short Blades   | 1 3 4 5 |  5.3
Axes           | 1 3 4 5 |  5.3
Maces & Flails | 1 3 4 5 |  5.3
Polearms       | 1 3 4 5 |  5.3
Staves         | 1 3 4 5 |  5.3
Slings         | 1 3 4 5 |  5.3
Bows           | 1 3 4 5 |  5.3
Crossbows      | 1 3 4 5 |  5.3
Throwing       | 1 3 4 5 |  5.3
Armour         | 3 4 5 6 |  6.0
Stealth        | 1 3 4 5 |  5.3
Shields        | 1 3 4 5 |  5.3
Unarmed Combat | 1 3 4 5 |  5.3
Spellcasting   | 5 6 7 |  7.4
Conjurations   | 1 2 3 4 |  4.4
Hexes          | 1 2 3 4 |  4.4
Summonings     | 1 2 3 4 |  4.4
Necromancy     | 1 2 3 4 |  4.4
Translocations | 1 2 3 4 |  4.4
Transmutations | 1 2 3 4 |  4.4
Fire Magic     | 1 2 3 4 |  4.4
Ice Magic      | 1 2 3 4 |  4.4
Air Magic      | 1 2 3 4 |  4.4
Earth Magic    | 1 2 3 4 |  4.4
Poison Magic   | 1 2 3 4 |  4.4
Invocations    | 2 3 4 5 |  5.9
Evocations     | 1 3 4 5 |  5.3
Fighting       | 5 6 7 |  7.1
Long Blades    | 5 6 7 |  7.1
Dodging        | 5 6 7 |  7.1
Charms         | 6 7 |  7.1

Action                   |  1- 3 |  4- 6 |  7- 9 || total
-------------------------+-------+-------+-------++-------
Melee: Falchion          |    35 |    39 |    23 ||    97
       Bite              |     6 |     6 |     3 ||    15
 Cast: Infusion          |     1 |     3 |     1 ||     5
       Spectral Weapon   |       |     2 |       ||     2
       Shroud of Golubri |       |     1 |       ||     1
       Regeneration      |       |       |     1 ||     1
  Use: Potion            |     1 |     3 |       ||     4
       Scroll            |       |       |     1 ||     1
  Eat: Ration            |       |       |     1 ||     1
Armor: Leather armour    |     4 |       |       ||     4
       Ring mail         |       |     3 |     6 ||     9
Dodge: Dodged            |    16 |    11 |    17 ||    44
       Rpst.: Falchion   |     8 |     2 |     9 ||    19

Table legend:
 A = Non-vault XP
 B = Vault XP
 C = Vault XP percentage of total XP
 D = Non-vault monster count
 E = Vault monster count
 F = Vault count percentage of total count
                 A         B        C        D         E       F
            +---------+---------+-------+---------+---------+-------
      Total |       0 |     829 | 100.0 |       0 |       6 | 100.0
            +---------+---------+-------+---------+---------+-------
          D |       0 |     829 | 100.0 |       0 |       6 | 100.0
            +---------+---------+-------+---------+---------+-------
